 Dungeon Crawl Stone Soup version 0.31-a0-200-gbc41564c69 (webtiles) character file.

Game seed: 8800956995259190414

25636 Conn the Arsonist (level 13, 0/74 HPs)
             Began as an Octopode Fire Elementalist on June 26, 2023.
             Was a High Priest of Sif Muna.
             Slain by a chaos spawn (7 damage)
             ... summoned by an orc sorcerer
             ... on level 2 of the Orcish Mines.
             The game lasted 01:01:05 (13322 turns).

Conn the Arsonist (Octopode Fire Elementalist)     Turns: 13322, Time: 01:01:06

Health: 0/74       AC:  1    Str:  7      XL:     13   Next: 20%
Magic:  21/36      EV: 24    Int: 22 (23) God:    Sif Muna [*****.]
Gold:   710        SH:  0    Dex: 18      Spells: 7/32 levels left

rFire   + + .        C - staff of fire
rCold   . . .        (no shield)
rNeg    . . .        (helmet restricted)
rPois   .            O - amulet of magic regeneration
rElec   .            i - ring of magical power
rCorr   .            w - +5 ring of evasion
SInv    +            H - +5 ring of evasion
Will    .....        K - ring of see invisible
Stlth   ++++         L - +6 ring of dexterity
HPRegen 0.32/turn    M - ring of protection from fire
MPRegen 0.65/turn    Q - ring of wizardry
                     (no ring)

%: wizardry (x1)
@: on blink cooldown
A: almost no armour, amphibious, 8 rings, camouflage 1, gelatinous body 1,
(nimble swimmer 1), tentacles
a: Renounce Religion, Channel Magic, Forget Spell, Divine Exegesis


You were on level 2 of the Orcish Mines.
You worshipped Sif Muna.
Sif Muna was extremely pleased with you.
You visited 3 branches of the dungeon, and saw 13 of its levels.

You collected 1166 gold pieces.
You spent 456 gold pieces at shops.

Inventory:

Hand Weapons
 b - a +0 dagger
 e - a +2 hand axe of freezing
 R - the +10 dark maul {heavy}
   (You took it off a two-headed ogre on level 1 of the Orcish Mines)
Missiles
 k - 36 poisoned darts (quivered)
 E - 2 throwing nets
Magical Staves
 l - a staff of earth
 C - a staff of fire (weapon)
Jewellery
 g - an amulet of faith
 i - a ring of magical power (left tentacle)
 w - a +5 ring of evasion (right tentacle)
 F - an amulet of the acrobat
 H - a +5 ring of evasion (on tentacle)
 K - a ring of see invisible (on tentacle)
 L - a +6 ring of dexterity (on tentacle)
 M - a ring of protection from fire (on tentacle)
 O - an amulet of magic regeneration (around mantle)
 Q - a ring of wizardry (on tentacle)
Wands
 t - a wand of flame (36)
 v - a wand of polymorph (8)
 A - a wand of roots (18)
 G - a wand of light (8)
Scrolls
 c - 2 scrolls of silence {unknown}
 d - 2 scrolls of enchant weapon {unknown}
 f - 7 scrolls of teleportation {unknown}
 m - 3 scrolls of amnesia {unknown}
 n - 2 scrolls of noise {unknown}
 o - a scroll of poison {unknown}
 p - 3 scrolls of blinking {unknown}
 q - 4 scrolls of identify
 r - 3 scrolls of torment {unknown}
 u - 4 scrolls of vulnerability {unknown}
 x - a scroll of summoning {unknown}
 y - 3 scrolls of enchant armour {unknown}
 I - a scroll of revelation {unknown}
 P - a scroll of brand weapon {unknown}
Potions
 a - 2 potions of magic
 h - a potion of haste
 j - 2 potions of enlightenment
 s - 2 potions of attraction {unknown}
 z - 3 potions of curing
 B - a potion of ambrosia {unknown}
 D - a potion of degeneration {unknown}
 J - a potion of lignification {unknown}
 N - a potion of mutation {unknown}


   Skills:
 + Level 1.9 Fighting
 + Level 0.4 Short Blades
 + Level 2.9 Axes
 + Level 0.9 Staves
 + Level 3.5 Dodging
 - Level 5.3 Stealth
 + Level 10.3 Spellcasting
 + Level 8.7 Conjurations
 + Level 3.0 Hexes
 + Level 3.0 Summonings
 - Level 5.2 Translocations
 + Level 12.7 Fire Magic
 + Level 3.7 Ice Magic
 * Level 1.1 Air Magic
 * Level 6.7 Invocations
 + Level 0.1 Evocations


You had 7 spell levels left.
You knew the following spells:

 Your Spells              Type           Power      Damage    Failure   Level
a - Foxfire               Conj/Fire      100%       2x1d9     1%          1
b - Scorch                Fire           100%       2d9       1%          2
c - Inner Flame           Hex/Fire       62%        N/A       1%          3
d - Flame Wave            Conj/Fire      73%        2d16      1%          4
e - Blink                 Tloc           68%        N/A       1%          2
f - Summon Ice Beast      Ice/Summ       26%        N/A       6%          4
g - Summon Small Mammal   Summ           96%        N/A       1%          1
h - Swiftness             Air            16%        N/A       4%          3
i - Summon Mana Viper     Hex/Summ       24%        N/A       19%         5

Your spell library contained the following spells:

 Spells                   Type           Power      Damage    Failure   Level
 Apportation              Tloc           68%        N/A       1%          1
 Slow                     Hex            96%        N/A       1%          1
 Ensorcelled Hibernation  Hex/Ice        52%        N/A       1%          2
 Lesser Beckoning         Tloc           68%        N/A       1%          2
 Momentum Strike          Conj/Tloc      84%        3d10      1%          2
 Confusing Touch          Hex            24%        N/A       1%          3
 Dazzling Flash           Conj/Hex       74%        N/A       1%          3
 Gell's Gravitas          Tloc           34%        N/A       1%          3
 Portal Projectile        Hex/Tloc       58%        N/A       1%          3
 Teleport Other           Tloc           34%        N/A       1%          3
 Tukima's Dance           Hex            24%        N/A       1%          3
 Volatile Blastmotes      Fire/Tloc      100%       2d18      1%          3
 Necrotise                Necr           44%        1d6       2%          1
 Passwall                 Tmut/Erth      9%         N/A       3%          2
 Vampiric Draining        Necr           11%        2d6       7%          3
 Silence                  Hex/Air        10%        N/A       26%         5
 Conjure Ball Lightning   Conj/Air       16%        3x3d6     41%         6
 Agony                    Necr           11%        N/A       52%         5
 Alistair's Intoxication  Tmut/Pois      7%         N/A       52%         5
 Blade Hands              Tmut           5%         N/A       52%         5
 Monstrous Menagerie      Summ           12%        N/A       99%         7
 Discord                  Hex            12%        N/A       100%        8
 Disjunction              Tloc           17%        N/A       100%        8


Dungeon Overview and Level Annotations

Branches:
Dungeon (10/15)            Temple (1/1) D:4            Lair (0/5) D:9
    Orc (2/2) D:10            Elf (0/3) Orc:2

Altars:
Ashenzari
Cheibriados
Dithmenos
Elyvilon
Fedhas
Gozag
Hepliaklqana
Kikubaaqudgha
Makhleb
Nemelex Xobeh
Okawaru
Qazlal
Ru
Sif Muna
Trog
Uskayaw
Vehumet
Wu Jian
Xom
Yredelemnul
Zin
The Shining One

Shops:
D:8 *   D:10 :   Orc:2 **

Portals:
Abyss: D:5

Annotations:
D:5 2 transporters, MrShunz's ghost, amateur MiBe
Orc:1 2 transporters, Fifoluuw's ghost, journeyman TrTm


Innate Abilities, Weirdness & Mutations

You cannot wear most types of armour.
You are amphibious.
You can wear up to eight rings at the same time.
Your skin changes colour to match your surroundings (Stealth+).
Your rubbery body absorbs attacks. (AC +1, EV +1)
((You are camouflaged when in or above water. (Stealth+)))
You have tentacles for arms and can constrict up to eight enemies at once.


Message History

The orc high priest utters an invocation to Beogh.
The orc sorcerer gestures wildly while chanting.
Unknown command.
Casting: Flame Wave (safe; 1% risk of failure)
Confirm with . or Enter, or press ? or * to list all spells.
You blink.
The chaos spawn degenerates into a cloud of primal chaos!
The chaos spawn barely misses you.
The orc sorcerer casts a spell.
You hear a shout!
Okay, then.
Unknown command.
Unknown command.
Okay, then.
Unknown command.
Unknown command.
Okay, then.
Unknown command.
Casting: Blink (safe; 1% risk of failure)
Confirm with . or Enter, or press ? or * to list all spells.
Okay, then.
Unknown command.
Unknown command.
Press: ? - help, v - describe, . - travel
Here: a sun demon (summoned)
The floor.
Unknown command.
Unknown command.
Okay, then.
As you read the scroll labelled KOCWIM SEWKAFF, it crumbles to dust.
It is a scroll of identify.
j - 2 potions of enlightenment The sun demon hits you!!
* * * LOW HITPOINT WARNING * * *
You are engulfed in flames.
You resist.
* * * LOW HITPOINT WARNING * * *
The sun demon misses you. The chaos spawn hits you!
* * * LOW HITPOINT WARNING * * *
The chaos spawn shocks you!
You die...

##.##.....###.........
##...#....#####........
##.#.##..####.###.......
#....#...# #... ##......
##.....#.###.... ##.#..)
#.......###.#... ##....
##.#...###.4.......###...
####..###.o.# #3.. ##..
#####.##.###@4.# #... ##.
##.#....####334## #o. ###
#.......###)§4## #)§§##
##.....###o#3## #.#.#
###.####.o§## ##...
####..###4#)## ##.#.#
##.#....###)..## ##...##
#...[....###...##
##..3### #
###..[.##..###...##
##...###[


You could see an orc knight, an orc high priest (strong), 3 sun demons, 2
hellwings, 2 rust devils, a chaos spawn (summoned) and an orc sorcerer (strong).

Vanquished Creatures
  A catoblepas (D:9)
  4 two-headed ogres
  4 orc high priests
  5 orc knights
  3 orc sorcerers
  2 cyclopes
  A manticore (D:9)
  An unseen horror (D:10)
  2 komodo dragons (D:9)
  2 ice devils (Orc:2)
  A hellwing (Orc:2)
  Grinder (D:6)
  A meliai (D:8)
  A troll (D:8)
  A hornet (D:10)
  Sigmund (D:3)
  A shadow (D:9)
  24 yaks
  2 humans (D:7)
  3 wraiths (D:10)
  3 steam dragons (D:8)
  4 wargs
  2 vampire mosquitoes (D:8)
  2 acid dragons (D:8)
  3 water moccasins
  29 orc warriors
  A sky beast (D:8)
  2 ice beasts
  2 black bears
  5 ogres
  6 centaurs
  A phantom (D:4)
  A kobold brigand (D:9)
  2 scorpions (D:9)
  5 bullfrogs
  13 wights
  11 killer bees
  2 jellies
  2 hounds
  18 orc priests
  2 gnoll boudas
  Natasha (thrice) (D:3)
  14 orc wizards
  A sleepcap (D:4)
  An iguana (D:6)
  13 gnolls
  4 adders
  4 shadow imps
  2 white imps
  3 ufetubi
  A worm (D:2)
  3 dart slugs (D:2)
  62 orcs
  7 endoplasms
  4 giant cockroaches
  11 goblins
  6 hobgoblins
  11 jackals
  18 kobolds
  6 quokkas
  7 ball pythons
  3 bats
  5 frilled lizards
  7 rats
373 creatures vanquished.

Vanquished Creatures (collateral kills)
  A red devil (Orc:2)
  2 foxfires (D:9)
3 creatures vanquished.

Vanquished Creatures (others)
  An orc warrior (D:10)
  849 foxfires
850 creatures vanquished.

Grand Total: 1226 creatures vanquished

Notes
Turn   | Place    | Note
-------+----------+-------------------------------------------
     0 | D:1      | Conn the Octopode Fire Elementalist began the quest for the
                  | Orb.
     0 | D:1      | Reached XP level 1. HP: 11/11 MP: 3/3
   173 | D:1      | Reached XP level 2. HP: 17/17 MP: 0/5
   312 | D:1      | Learned a level 2 spell: Scorch
   645 | D:1      | Reached XP level 3. HP: 17/21 MP: 6/6
  1138 | D:2      | Reached skill level 1 in Axes
  1797 | D:2      | Reached XP level 4. HP: 27/27 MP: 7/7
  2522 | D:3      | Noticed Sigmund
  2558 | D:4      | Learned a level 3 spell: Inner Flame
  2895 | D:3      | Killed Sigmund
  2896 | D:3      | Reached skill level 5 in Stealth
  2896 | D:3      | Reached XP level 5. HP: 32/32 MP: 1/9
  2896 | D:3      | Reached XP level 6. HP: 37/37 MP: 1/10
  3020 | D:3      | Noticed Natasha
  3026 | D:3      | Killed Natasha
  3035 | D:3      | Noticed Natasha
  3039 | D:3      | Killed Natasha
  3096 | D:3      | Found a hide-covered altar of Uskayaw.
  3132 | D:3      | Found a shadowy altar of Dithmenos.
  3172 | D:3      | Noticed Natasha
  3176 | D:3      | Killed Natasha
  3322 | D:3      | Found a sparkling altar of Nemelex Xobeh.
  3322 | D:3      | Found a transporter.
  3323 | D:3      | Noticed a water moccasin
  3335 | D:3      | Learned a level 4 spell: Flame Wave
  3343 | D:3      | Killed a water moccasin
  3344 | D:3      | Reached skill level 4 in Fire Magic
  3344 | D:3      | Reached XP level 7. HP: 21/42 MP: 6/12
  3746 | D:4      | Found an ornate altar of the Wu Jian Council.
  3855 | D:4      | Found a staircase to the Ecumenical Temple.
  3871 | Temple   | Entered the Ecumenical Temple
  3876 | Temple   | Became a worshipper of Sif Muna the Loreminder
  4449 | D:5      | Entered Level 5 of the Dungeon
  4459 | D:5      | Reached skill level 1 in Fighting
  4459 | D:5      | Reached skill level 5 in Fire Magic
  4523 | D:5      | Reached * piety under Sif Muna
  4545 | D:5      | Reached XP level 8. HP: 22/48 MP: 1/14
  5017 | D:6      | Noticed Grinder
  5036 | D:6      | Learned a level 2 spell: Blink
  5039 | D:6      | Killed Grinder
  5040 | D:6      | Reached skill level 6 in Fire Magic
  5110 | D:6      | Reached skill level 5 in Spellcasting
  5110 | D:6      | Reached skill level 1 in Translocations
  5278 | D:6      | Found a stormy altar of Qazlal.
  5620 | D:5      | Found a one-way gate to the infinite horrors of the Abyss.
  5620 | D:5      | Noticed MrShunz's ghost (amateur MiBe)
  5637 | D:5      | Found a transporter.
  5691 | D:5      | Found a transporter.
  6022 | D:7      | Reached XP level 9. HP: 43/53 MP: 16/16
  6024 | D:7      | Reached ** piety under Sif Muna
  6025 | D:7      | Reached skill level 7 in Fire Magic
  6240 | D:7      | Reached skill level 5 in Conjurations
  6547 | D:7      | Found an iron altar of Okawaru.
  6783 | D:7      | Reached skill level 8 in Fire Magic
  6849 | D:7      | Found a shimmering altar of Xom.
  6876 | D:7      | Found an ancient bone altar of Kikubaaqudgha.
  7058 | D:8      | Noticed a troll
  7070 | D:8      | Killed a troll
  7071 | D:8      | Reached XP level 10. HP: 20/60 MP: 8/19
  7264 | D:8      | Reached skill level 9 in Fire Magic
  7316 | D:8      | Reached skill level 1 in Invocations
  7373 | D:8      | Reached *** piety under Sif Muna
  7764 | D:8      | Found Zin's Purification Station.
  7766 | D:8      | Found a glowing silver altar of Zin.
  8031 | D:8      | Found a burning altar of Makhleb.
  8236 | D:8      | Reached skill level 1 in Hexes
  8455 | D:9      | Noticed a manticore
  8461 | D:9      | Killed a manticore
  8561 | D:9      | Reached skill level 10 in Fire Magic
  8614 | D:9      | Reached XP level 11. HP: 42/64 MP: 21/22
  8797 | D:9      | Found a staircase to the Lair.
  8846 | D:9      | Noticed a catoblepas
  8857 | D:9      | Killed a catoblepas
  9017 | D:9      | Identified the -1 cloak "Welab" {Will++ Int+3 Stlth-}
  9094 | D:9      | Found a sacrificial altar of Ru.
  9246 | D:10     | Entered Level 10 of the Dungeon
  9251 | D:10     | Reached skill level 5 in Translocations
  9364 | D:10     | Found a radiant altar of Vehumet.
  9403 | D:10     | Reached skill level 11 in Fire Magic
  9655 | D:10     | Found a staircase to the Orcish Mines.
  9798 | D:10     | Found Mommoj's Book Shop.
  9802 | D:10     | Bought a book of Beasts for 456 gold pieces
  9807 | D:10     | Learned a level 4 spell: Summon Ice Beast
  9834 | D:10     | Reached skill level 1 in Ice Magic
  9836 | D:10     | Reached **** piety under Sif Muna
  9947 | D:10     | Noticed a two-headed ogre
  9964 | D:10     | Killed a two-headed ogre
 10405 | Orc:1    | Entered Level 1 of the Orcish Mines
 10456 | Orc:1    | Noticed an orc knight
 10466 | Orc:1    | Killed an orc knight
 10467 | Orc:1    | Reached skill level 1 in Summonings
 10467 | Orc:1    | Reached XP level 12. HP: 54/70 MP: 13/24
 10534 | Orc:1    | Noticed a two-headed ogre
 10634 | Orc:1    | Killed a two-headed ogre
 10690 | Orc:1    | Learned a level 1 spell: Summon Small Mammal
 10694 | Orc:1    | Learned a level 3 spell: Swiftness
 10732 | Orc:1    | Noticed a two-headed ogre
 10748 | Orc:1    | Killed a two-headed ogre
 10826 | Orc:1    | Found a transporter.
 10841 | Orc:1    | Found a transporter.
 10904 | Orc:1    | Noticed an orc high priest
 10909 | Orc:1    | Killed an orc high priest
 10915 | Orc:1    | Noticed a two-headed ogre
 10963 | Orc:1    | Killed a two-headed ogre
 11043 | Orc:1    | Reached skill level 12 in Fire Magic
 11067 | Orc:1    | Reached skill level 5 in Invocations
 11190 | Orc:1    | Found a bloodstained altar of Trog.
 11190 | Orc:1    | Noticed Fifoluuw's ghost (journeyman TrTm)
 11264 | Orc:1    | Noticed a stone giant
 11518 | Orc:2    | Entered Level 2 of the Orcish Mines
 11580 | Orc:2    | Reached ***** piety under Sif Muna
 11649 | Orc:2    | Found a staircase to the Elven Halls.
 11968 | Orc:2    | Received a gift from Sif Muna
 12558 | Orc:2    | Found Ciampesm's General Store.
 12561 | Orc:2    | Found Vuroddi's General Store.
 12697 | Orc:2    | Reached skill level 10 in Spellcasting
 12717 | Orc:1    | Learned a level 5 spell: Summon Mana Viper
 12752 | Orc:2    | Reached XP level 13. HP: 74/74 MP: 19/27
 13176 | Orc:2    | Reached skill level 1 in Air Magic
 13322 | Orc:2    | Slain by a chaos spawn

Illustrated notes

Levels and vault maps discovered:
D:1:      scummos_arrival_simple_fountains, layout_basic
D:2:      minmay_door_path, layout_basic
D:3:      layout_loops_ring, general_overflow_altar, grunt_nemelex_the_gamble,
          nicolae_uskayaw_dance_hall, uniq_sigmund, uniq_natasha
D:4:      minmay_angry_zag, layout_loops_ring, mainiacjoe_overflow_tiny_flanked,
          minmay_temple_entry_tees, grunt_ministairs_15
D:5:      layout_rooms, gammafunk_ghost_abyssal_escape
D:6:      layout_loops_ring, nicolae_qazlal_general_emergency, uniq_grinder
D:7:      layout_basic, okawaru_humans, mainiacjoe_overflow_large_starburst
D:8:      cheibrodos_steamvent, layout_loops_ring,
          nicolae_overflow_crystal_walls, zin_purify, minmay_three_doors
D:9:      layout_basic, mainiacjoe_overflow_alcove_4,
          due_lair_maze_entry_diamond
D:10:     layout_grid_maze, fiery_altar_vehumet, orc_0_dummy, serial_shops,
          shop, minmay_misc_feat_nine_boxes, grunt_ministairs_1
Temple:   hellmonk_temple_micro_hex
Orc:1:    layout_caves, gammafunk_ghost_wrathful_warriors,
          hellmonk_guarded_unrand_dark_maul
Orc:2:    pf_orc_diabolical, layout_caves

Skill      XL: |  1  2  3  4  5  6  7  8  9 10 11 12 13 |
---------------+----------------------------------------+-----
Stealth        | 3 5 |  5.3
Axes           | 1 2 |  2.9
Spellcasting   | 3 4 5 6 7 8 10 | 10.3
Conjurations   | 2 3 4 5 6 7 8 |  8.7
Fire Magic     | 4 5 6 8 10 11 12 | 12.7
Fighting       | 1 |  1.9
Dodging        | 3 |  3.5
Translocations | 2 3 4 5 |  5.2
Invocations    | 2 4 6 |  6.7
Hexes          | 1 2 3 |  3.0
Ice Magic      | 2 3 |  3.7
Summonings     | 1 2 3 |  3.0
Air Magic      | 1 |  1.1
Short Blades   | |  0.4
Staves         | |  0.9
Evocations     | |  0.1

Action                     |  1- 3 |  4- 6 |  7- 9 | 10-12 | 13-15 || total
---------------------------+-------+-------+-------+-------+-------++-------
  Melee: Dagger            |     2 |       |       |       |       ||     2
         Hand axe          |    42 |    45 |    22 |       |       ||   109
         Constrict         |    12 |    11 |     8 |     4 |       ||    35
         Tentacles         |     6 |     5 |     8 |     6 |       ||    25
         Punch             |       |     1 |       |       |       ||     1
         Staff             |       |       |     8 |    11 |       ||    19
  Throw: Dart              |       |     1 |       |       |       ||     1
   Cast: Foxfire           |    26 |    20 |   110 |   324 |    16 ||   496
         Scorch            |       |    15 |    38 |   132 |    15 ||   200
         Inner Flame       |       |       |     8 |    64 |    10 ||    82
         Flame Wave        |       |       |     8 |    28 |     6 ||    42
         Summon Ice Beast  |       |       |       |    22 |     5 ||    27
         Summon Small Mamm |       |       |       |     6 |     3 ||     9
         Blink             |       |       |       |     4 |     1 ||     5
  Evoke: Wand              |       |       |     1 |     1 |     2 ||     4
    Use: Potion            |       |     1 |     3 |       |       ||     4
         Scroll            |       |       |       |       |     1 ||     1
   Stab: Sleeping          |     8 |    11 |     6 |       |       ||    25
 Armour: Skin              |     1 |     5 |     1 |       |       ||     7
  Dodge: Dodged            |    27 |    45 |    69 |    77 |    20 ||   238

Table legend: (Time is in decaauts)
 A = Elapsed time spent in this place.
 B = Non-inter-level travel time spent in this place.
 C = Inter-level travel time spent in this place.
 D = Time resting spent in this place.
 E = Time spent auto-exploring this place.
 F = Levels seen in this place.
 G = Mean time per level.
                   A        B        C        D        E       F      G
               +--------+--------+--------+--------+--------+-----+--------+
         Total |  13335 |  12902 |    433 |    971 |   7672 |  13 | 1025.8 |
       Dungeon |  10397 |   9965 |    432 |    314 |   6896 |  10 | 1039.7 |
        Temple |     10 |     10 |      0 |      0 |      0 |   1 |   10.0 |
  Orcish Mines |   2927 |   2927 |      0 |    657 |    776 |   2 | 1463.5 |
               +--------+--------+--------+--------+--------+-----+--------+

Top non-repeatable levels by time:
   Orc:1: 1592 daAuts
   Orc:2: 1334 daAuts
     D:8: 1303 daAuts
     D:3: 1241 daAuts
    D:10: 1128 daAuts
     D:1: 1112 daAuts
     D:7: 1095 daAuts
     D:2: 1084 daAuts
     D:4: 1000 daAuts
     D:6: 984 daAuts
     D:9: 919 daAuts
     D:5: 528 daAuts
  Temple: 10 daAuts
